 Dungeon Crawl Stone Soup version 0.21.1-1-g345015fe64 (webtiles) character file.

386 Htamos the Conjurer (level 6, 0/28 HPs)
             Began as a Deep Elf Conjurer on July 12, 2018.
             Was an Initiate of Vehumet.
             Killed from afar by Blork the orc (11 damage)
             ... with a magic dart
             ... on level 4 of the Dungeon.
             The game lasted 00:08:35 (3164 turns).

Htamos the Conjurer (Deep Elf Conjurer)             Turns: 3164, Time: 00:08:36

Health: 0/28       AC:  7    Str: 12    XL:     6   Next: 48%
Magic:  17/17      EV: 13    Int: 22    God:    Vehumet [......]
Gold:   117        SH:  0    Dex: 15    Spells: 16/17 levels left

rFire    . . .     SeeInvis .   h - +0 hunting sling (curse)
rCold    . . .     Gourm    .   (no shield)
rNeg     . . .     Faith    .   a - +2 robe
rPois    .         Spirit   .   (no helmet)
rElec    .         Reflect  .   l - +2 cloak
rCorr    .         Harm     .   (no gloves)
MR       .....                  (no boots)
Stlth    ++........             q - amulet of magic regeneration
HPRegen  0.09/turn              (no ring)
MPRegen  0.40/turn              (no ring)

@: mighty
A: frail 1, strong 1, wild magic 1
a: Renounce Religion


You were on level 4 of the Dungeon.
You worshipped Vehumet.
Vehumet was noncommittal.
You were not hungry.

You visited 2 branches of the dungeon, and saw 5 of its levels.

You collected 117 gold pieces.

Inventory:

Hand Weapons
 h - a cursed +0 hunting sling (weapon)
 u - a +1 short sword of protection
Missiles
 e - 92 stones
 f - 26 bolts
 i - 20 poisoned needles
 j - 10 arrows
 m - 8 needles of sleeping
 r - 16 sling bullets (quivered)
Armour
 a - a +2 robe (worn)
 l - a +2 cloak (worn)
 n - a +2 large shield
Jewellery
 p - a cursed -2 ring of slaying
 q - an amulet of magic regeneration (around neck)
 s - a cursed ring of loudness
Scrolls
 g - a scroll of enchant weapon
 t - a scroll of identify
Potions
 k - a potion of magic
Books
 b - a book of Conjurations

   Spells                             Type                      Level
   a - Magic Dart                     Conjuration                  1
   b - Searing Ray                    Conjuration                  2
   c - Dazzling Spray                 Conjuration/Hexes            3
   d - Fulminant Prism                Conjuration/Hexes            4
   e - Force Lance                    Conjuration/Translocation    4
   f - Iskenderun's Mystic Blast      Conjuration                  4
Comestibles
 c - 9 rations
 o - 2 chunks of flesh


   Skills:
 - Level 2.4 Dodging
 - Level 2.4 Stealth
 + Level 6.3 Spellcasting
 + Level 7.2 Conjurations


You had 16 spell levels left.
You knew the following spells:

 Your Spells              Type           Power        Failure   Level  Hunger
a - Magic Dart            Conj           ####         1%          1    None


Dungeon Overview and Level Annotations

Branches:
Dungeon (4/15)             Temple (1/1) D:4

Altars:
Ashenzari
Fedhas
Makhleb
Sif Muna
Uskayaw
Vehumet
Xom
Zin
The Shining One

Annotations:
D:3 exclusion: oklob plant
D:4 Blork the orc


Innate Abilities, Weirdness & Mutations

You are frail. (-10% HP)
Your muscles are strong. (Str +2)
Your spells are a little harder to cast, but a little more powerful.


Message History

You hear a shout!
The orc wizard gestures wildly while chanting.
The orc wizard flickers and vanishes!
Deactivating autopickup; reactivate with Ctrl-A.
Blork the orc casts a spell.
Blork the orc seems to speed up.
You see here an adder skeleton.
Blork the orc casts a spell at you. The puff of frost hits you!
Blork the orc looks braver for a moment.
There is an open door here.
Blork the orc screams, "I'll crush all your ribs!
One by one!"
Blork the orc miscasts a cantrip.
You see here a trident.
It was a potion of might.
You feel very mighty all of a sudden. Blork the orc hits you with a scimitar!
Blork the orc gestures at you while chanting.
The magic dart hits you!
You die...

.###################
..÷...†...........<#
#################### ### #..
#.############ #.##...).....#
####
######.##.........#########...
#.......'....@.o..'..o......÷.
#.##....###.......##.######...
#.##...≈≈##.......##.# #...
####.###..≈≈###########.# #...
....>###.≈≈≈≈# #.# #...
#######≈≈.≈≈≈# #.# ####
#≈≈≈.≈## #.# ##≈.≈## #.# ####
##.##


You could see Blork the orc.

Vanquished Creatures
  A hungry ghost (D:3)
  Menkaure (D:4)
  A worker ant (D:4)
  2 adders
  3 oozes
  2 worms
  A dart slug (D:1)
  4 leopard geckos
  5 orcs (D:3)
  2 giant cockroaches
  6 goblins
  12 hobgoblins
  4 jackals (D:4)
  A quokka (D:3)
  7 bats
  A frilled lizard (D:2)
  7 kobolds
  A quokka skeleton (D:4)
  7 rats
68 creatures vanquished.

Notes
Turn   | Place    | Note
-------+----------+-------------------------------------------
     0 | D:1      | Htamos the Deep Elf Conjurer began the quest for the Orb.
     0 | D:1      | Reached XP level 1. HP: 10/10 MP: 6/6
    61 | D:1      | Reached XP level 2. HP: 4/15 MP: 1/8
   249 | D:1      | Reached skill level 5 in Conjurations
   533 | D:1      | Reached XP level 3. HP: 3/19 MP: 4/9
  1561 | D:3      | Reached XP level 4. HP: 24/24 MP: 7/11
  1785 | D:3      | Reached skill level 6 in Conjurations
  1807 | D:3      | Noticed a hungry ghost
  2051 | D:3      | Gained mutation: You are frail. (-10% HP) [potion of mutation]
  2051 | D:3      | Gained mutation: Your spells are a little harder to cast, but a little more powerful. [potion of mutation]
  2051 | D:3      | Gained mutation: Your muscles are strong. (Str +2) [potion of mutation]
  2667 | D:3      | Found a blossoming altar of Fedhas.
  2684 | D:3      | Killed a hungry ghost
  2684 | D:3      | Reached skill level 5 in Spellcasting
  2684 | D:3      | Reached XP level 5. HP: 22/25 MP: 4/14
  2724 | D:3      | Noticed an oklob plant
  3004 | D:4      | Noticed Menkaure
  3012 | D:4      | Killed Menkaure
  3012 | D:4      | Reached skill level 7 in Conjurations
  3012 | D:4      | Reached XP level 6. HP: 28/28 MP: 11/17
  3029 | D:4      | Found a staircase to the Ecumenical Temple.
  3035 | Temple   | Entered the Ecumenical Temple
  3081 | Temple   | Became a worshipper of Vehumet
  3141 | D:4      | Noticed Blork the orc
  3164 | D:4      | Killed from afar by Blork the orc

Skill      XL: |  1  2  3  4  5 |
---------------+----------------+-----
Conjurations   | 5 6 7 |  7.2
Spellcasting   | 5 6 |  6.3
Dodging        | |  2.4
Stealth        | |  2.4

Action                   |  1- 3 |  4- 6 || total
-------------------------+-------+-------++-------
Melee: Unarmed           |    20 |       ||    20
 Fire: Hunting sling     |       |    26 ||    26
 Cast: Magic Dart        |    76 |    79 ||   155
  Use: Potion            |     1 |     4 ||     5
       Scroll            |       |    12 ||    12
  Eat: Chunk             |     1 |     5 ||     6
       Ration            |       |     2 ||     2
Armor: Robe              |    14 |     9 ||    23
Dodge: Dodged            |    35 |    25 ||    60
